 Dungeon Crawl Stone Soup version 0.28.0 (webtiles) character file.

Game seed: 17638429160619775857

23 Acetwo5 the Skirmisher (level 2, -5/28 HPs)
             Began as a Minotaur Fighter on Feb 9, 2022.
             Slain by Sigmund (10 damage)
             ... on level 2 of the Dungeon.
             The game lasted 00:00:40 (715 turns).

Acetwo5 the Skirmisher (Minotaur Fighter)            Turns: 715, Time: 00:00:40

Health: -5/28      AC:  6    Str: 20    XL:     2   Next: 72%
Magic:  1/1        EV:  9    Int:  5    God:
Gold:   12         SH:  4    Dex:  9    Spells: 1/1 levels left

rFire   . . .      SeeInvis .   a - +0 flail
rCold   . . .      Faith    .   c - +0 buckler
rNeg    . . .      Spirit   .   b - +0 scale mail
rPois   .          Reflect  .   (helmet restricted)
rElec   .          Harm     .   (no cloak)
rCorr   .          Rampage  .   (no gloves)
Will    .....                   (no boots)
Stlth   ..........              (no amulet)
HPRegen 0.09/turn               (no ring)
MPRegen 0.07/turn               (no ring)

@: mighty, lethally poisoned (-5 -> -15)
A: horns 2, retaliatory headbutt
a: no special abilities


You were on level 2 of the Dungeon.
You visited 1 branch of the dungeon, and saw 2 of its levels.

You collected 12 gold pieces.

Inventory:

Hand Weapons
 a - a +0 flail (weapon)
Armour
 b - a +0 scale mail (worn)
 c - a +0 buckler (worn)
Scrolls
 f - a scroll of identify {unknown}
 g - a scroll of amnesia {unknown}
 i - a scroll of noise {unknown}
Potions
 e - a potion of magic {unknown}
 h - a potion of heal wounds {unknown}


   Skills:
 + Level 4.3 Fighting
 + Level 3.3 Maces & Flails
 - Level 3.6 Armour
 - Level 3.6 Shields


You had one spell level left.
You didn't know any spells.
Your spell library contained the following spells:

 Spells                   Type           Power      Damage    Failure   Level
 Sublimation of Blood     Necr           0%         N/A       96%         2
 Wereblood                Tmut           0%         N/A       96%         2
 Summon Hydra             Summ           0%         N/A       100%        7


Dungeon Overview and Level Annotations

Branches:
Dungeon (2/15)

Altars:

Annotations:
D:2 Sigmund


Innate Abilities, Weirdness & Mutations

You have a pair of horns on your head.
You reflexively headbutt those who attack you in melee.


Message History

You closely miss the rat. The rat bites you but does no damage.
The rat misses you. You furiously retaliate!
You headbutt the rat.
You kill the rat!
No target in view!
i - a scroll labelled GIAGIL ZOETYG A giant cockroach comes into view.
Found 12 gold pieces.
You aren't carrying any pieces of jewellery.
Unknown command.
The giant cockroach bites you but does no damage.
You thump the giant cockroach!
You kill the giant cockroach!
No target in view!
There's nothing to open nearby.
You now have 12 gold pieces.
A bat comes into view.
A bat is nearby!
You block the bat's attack. The bat hits you but does no damage.
You sock the bat!
You kill the bat!
No target in view!
Sigmund the Dreaded comes into view.
He is wielding a +4 scythe of venom and carrying a wand of flame (23).
Found an escape hatch in the floor.
Sigmund shouts!
Sigmund hits you with a +4 scythe of venom!
You are lethally poisoned!
Unknown command.
Sorry, you're not good enough to have a special ability.
Unknown command.
You feel very mighty all of a sudden.
You feel very sick.
Sigmund is suddenly surrounded by pale blue light.
Sigmund zaps a wand.
The puff of flame hits you.
* * * LOW HITPOINT WARNING * * *
You bludgeon Sigmund!! Your headbutt misses Sigmund.
Sigmund is heavily wounded.
* * * LOW HITPOINT WARNING * * *
You feel very sick.
Sigmund hits you with a +4 scythe of venom!
You die...

#. #. # #. .. #.
##.###.######
#...........##
###.>........#
......@@.#.# #
.##.####.#.#.#
#.#.#.####
#..####.........
#...............
#..#####........
#...............
#.#####.......##
#.......#


You could see Sigmund.

Vanquished Creatures
  A dart slug (D:1)
  2 ball pythons (D:1)
  2 bats
  An endoplasm (D:1)
  A giant cockroach (D:2)
  A goblin (D:1)
  A hobgoblin (D:1)
  2 quokkas (D:1)
  3 kobolds (D:1)
  6 rats
20 creatures vanquished.

Notes
Turn   | Place    | Note
-------+----------+-------------------------------------------
     0 | D:1      | Acetwo5 the Minotaur Fighter began the quest for the Orb.
     0 | D:1      | Reached XP level 1. HP: 19/19 MP: 0/0
   120 | D:1      | Reached skill level 4 in Fighting
   295 | D:1      | Reached XP level 2. HP: 27/27 MP: 1/1
   348 | D:1      | Found a faded altar of an unknown god.
   712 | D:2      | Noticed Sigmund
   715 | D:2      | Slain by Sigmund

Illustrated notes

Levels and vault maps discovered:
D:1:      sevenhm_arrival_forest_fort_small_3, layout_basic,
          ebering_ecumenical_altar_ruins
D:2:      layout_basic, basic_altar, minmay_pentomino_v4, uniq_sigmund

Skill      XL: |  1 |
---------------+----+-----
Fighting       | 4 |  4.3
Maces & Flails | 3 |  3.3
Armour         | |  3.6
Shields        | |  3.6

Action                   || total
-------------------------++-------
Melee: Flail             ||    36
       Headbutt          ||     3
  Use: Potion            ||     1
Armor: Scale mail        ||    13
Dodge: Dodged            ||    14
Block: Buckler           ||     7
